[Event "EYCC Open-U16 2019"]
[Site "Bratislava"]
[Date "2019.08.09"]
[Round "8.13"]
[White "Veiga, Jose Francisco R P N"]
[Black "Geher, Koppany"]
[Result "1/2-1/2"]
[ECO "B40"]
[WhiteElo "2357"]
[BlackElo "2211"]
[Annotator "NA"]
[PlyCount "126"]
[EventDate "2019.08.02"]
[EventType "swiss"]
[EventCountry "SVK"]
[SourceTitle "playchess.com"]
[Source "ChessBase"]
[SourceQuality "1"]
[TimeControl "40/5400+30:1800+30"]

1. e4 c5 2. Nf3 e6 3. b3 a6 4. Bd3 d5 5. exd5 exd5 6. Bb2 Nf6 7. Qe2+ Qe7 8. Bxf6 gxf6 9. Qxe7+ Bxe7 10. O-O Nc6 11. Nc3 Be6 12. Rfe1 Kd7 13. Nh4 Rae8 14. f4 Kd6 15. Nf5+ Bxf5 16. Bxf5 Nd4 17. Bd3 Bd8 18. Ne2 Nxe2+ 19. Rxe2 Rxe2 20. Bxe2 Ba5 21. Rd1 Rc8 22. Bd3 h6 23. Kf2 Ke7 24. g3 Rd8 25. Kf3 Kf8 26. Bf1 Kg7 27. Kg4 Rd7 28. Kf5 Bd8 29. d4 cxd4 30. Rxd4 Bb6 31. Rd1 Ba5 32. Bc4 d4 33. g4 Bc3 34. h4 Re7 35. Rf1 Rc7 36. g5 Rc5+ 37. Kg4 hxg5 38. fxg5 Rc6 39. h5 Bd2 40. h6+ Kh7 41. Rxf6 Rxf6 42. gxf6 Bxh6 43. Bxf7 Bf8 44. Kf5 a5 45. Ke6 Bc5 46. Kd5 b6 47. Kc6 Kh6 48. Be8 Kh7 49. Bf7 Kh6 50. Kd5 Kh7 51. Ke4 Kh8 52. Kd3 Kh7 53. Kd2 Kh6 54. Be8 Kh7 55. Kd1 Kg8 56. Kc1 Kf8 57. Bg6 Ba3+ 58. Kd2 Bb4+ 59. Kd3 Bc5 60. Kc4 Kg8 61. Kb5 Kf8 62. a3 Bxa3 63. Kxb6 Bb4 1/2-1/2

[Event "EYCC Open-U16 2019"]
[Site "Bratislava"]
[Date "2019.08.09"]
[Round "8.14"]
[White "Timoshin, Andrei"]
[Black "Stefansson, Vignir Vatnar"]
[Result "1/2-1/2"]
[ECO "B31"]
[WhiteElo "2154"]
[BlackElo "2293"]
[Annotator "NA"]
[PlyCount "42"]
[EventDate "2019.08.02"]
[EventType "swiss"]
[EventCountry "SVK"]
[SourceTitle "playchess.com"]
[Source "ChessBase"]
[SourceQuality "1"]
[TimeControl "40/5400+30:1800+30"]

1. e4 c5 2. Nf3 Nc6 3. Bb5 g6 4. O-O Bg7 5. c3 Nf6 6. e5 Nd5 7. d4 cxd4 8. cxd4 O-O 9. Nc3 Nc7 10. Bg5 Nxb5 11. Nxb5 a6 12. Nd6 h6 13. Bh4 g5 14. Bxg5 hxg5 15. Nxg5 f6 16. exf6 Rxf6 17. Qh5 Rxd6 18. Qf7+ Kh8 19. Qh5+ Kg8 20. Qf7+ Kh8 21. Qf5 Kg8 1/2-1/2

[Event "EYCC Open-U16 2019"]
[Site "Bratislava"]
[Date "2019.08.09"]
[Round "8.15"]
[White "Mis, Mieszko"]
[Black "Fojt, Petr"]
[Result "1-0"]
[ECO "D02"]
[WhiteElo "2284"]
[BlackElo "2140"]
[Annotator "NA"]
[PlyCount "91"]
[EventDate "2019.08.02"]
[EventType "swiss"]
[EventCountry "SVK"]
[SourceTitle "playchess.com"]
[Source "ChessBase"]
[SourceQuality "1"]
[TimeControl "40/5400+30:1800+30"]

1. d4 d5 2. Nf3 e6 3. c4 a6 4. cxd5 exd5 5. Nc3 Nf6 6. Bg5 Be6 7. e3 Nbd7 8. Bd3 Be7 9. O-O O-O 10. Ne5 Nxe5 11. dxe5 Ne4 12. Bxe7 Qxe7 13. Nxe4 dxe4 14. Bxe4 Bc4 15. Bxh7+ Kxh7 16. Qc2+ g6 17. Qxc4 Qxe5 18. Rac1 Rac8 19. Rfd1 b5 20. Qc3 Qxc3 21. Rxc3 c5 22. Kf1 c4 23. Ke2 b4 24. Rc2 Rc5 25. a3 Rb8 26. Rd4 bxa3 27. bxa3 c3 28. Kd3 Rbc8 29. e4 Kg7 30. Rd6 Ra5 31. Rxc3 Rxc3+ 32. Kxc3 Rxa3+ 33. Kd4 Ra1 34. Ke3 a5 35. Ra6 a4 36. Kf4 a3 37. f3 a2 38. g4 f6 39. h4 Kf7 40. e5 Re1 41. Ra7+ Ke6 42. Rxa2 Rxe5 43. Ra7 Rb5 44. Rg7 f5 45. Rxg6+ Kf7 46. Rg5 1-0

[Event "EYCC Open-U16 2019"]
[Site "Bratislava"]
[Date "2019.08.09"]
[Round "8.16"]
[White "Svanda, Ondrej"]
[Black "Ognean, Mihnea-Ionut"]
[Result "1-0"]
[ECO "D35"]
[WhiteElo "2234"]
[BlackElo "2287"]
[Annotator "NA"]
[PlyCount "87"]
[EventDate "2019.08.02"]
[EventType "swiss"]
[EventCountry "SVK"]
[SourceTitle "playchess.com"]
[Source "ChessBase"]
[SourceQuality "1"]
[TimeControl "40/5400+30:1800+30"]

1. d4 Nf6 2. c4 e6 3. Nf3 d5 4. Nc3 Nbd7 5. cxd5 exd5 6. Bf4 c6 7. Qc2 Be7 8. h3 O-O 9. e3 Re8 10. Bd3 Nf8 11. O-O Ng6 12. Bh2 Bd6 13. Bxd6 Qxd6 14. Rab1 Qe7 15. b4 a6 16. a4 Ne4 17. b5 axb5 18. axb5 Bf5 19. bxc6 bxc6 20. Nd2 Nh4 21. Bxe4 dxe4 22. Ne2 Qd7 23. Nf4 g5 24. Nh5 Qe6 25. Qc5 Ra2 26. Nc4 Rea8 27. Qe5 Qxe5 28. Nxe5 Be6 29. Nxc6 Kf8 30. Rfc1 f5 31. Ne5 f4 32. Rb6 fxe3 33. Rxe6 exf2+ 34. Kf1 e3 35. Nd7+ Kf7 36. Rxe3 Kg6 37. Ng3 Rd2 38. Ne5+ Kg7 39. Nf3 Nxf3 40. Rxf3 Raa2 41. Rb3 Kf7 42. Ne4 Rxd4 43. Nxg5+ Ke7 44. Re3+ 1-0

[Event "EYCC Open-U16 2019"]
[Site "Bratislava"]
[Date "2019.08.09"]
[Round "8.19"]
[White "Marn, Jan"]
[Black "Boyer, Mahel"]
[Result "1/2-1/2"]
[ECO "A61"]
[WhiteElo "2215"]
[BlackElo "2295"]
[Annotator "NA"]
[PlyCount "125"]
[EventDate "2019.08.02"]
[EventType "swiss"]
[EventCountry "SVK"]
[SourceTitle "playchess.com"]
[Source "ChessBase"]
[SourceQuality "1"]
[TimeControl "40/5400+30:1800+30"]

1. d4 Nf6 2. c4 e6 3. Nf3 c5 4. d5 d6 5. Nc3 exd5 6. cxd5 g6 7. Bf4 a6 8. a4 Bg7 9. e4 O-O 10. Be2 Ne8 11. O-O f5 12. Qd2 Nd7 13. exf5 gxf5 14. Bc4 Ne5 15. Bxe5 dxe5 16. d6+ Kh8 17. Rad1 Bd7 18. Ng5 Qf6 19. Nd5 Qg6 20. Ne7 Qf6 21. h4 b5 22. axb5 axb5 23. Qd5 Ra6 24. Nf7+ Rxf7 25. Qxf7 Qxf7 26. Bxf7 Nxd6 27. Bb3 c4 28. Ra1 Rxa1 29. Rxa1 Bf8 30. Ra8 Kg7 31. Ra7 Bxe7 32. Rxd7 Kf6 33. Bc2 Ke6 34. Ra7 Bxh4 35. Rxh7 Bg5 36. b3 c3 37. Rh5 Bd2 38. Kf1 b4 39. Ke2 e4 40. f3 e3 41. Rh4 Nb5 42. Kd3 Na3 43. Bd1 Bc1 44. g3 Kf6 45. Rh6+ Kf7 46. Rh1 Kg7 47. Rh2 Bd2 48. Rh4 Bc1 49. Rh5 Kg6 50. Rh8 f4 51. gxf4 e2 52. Kxe2 c2 53. Bxc2+ Nxc2 54. Kd3 Ne1+ 55. Ke4 Bd2 56. f5+ Kg7 57. Rh2 Bc3 58. f4 Kf6 59. Ra2 Kf7 60. Ra7+ Kf6 61. Ra6+ Kf7 62. Ra2 Kf6 63. Ra6+ {[%emt 0:00:28] Ke5+} 1/2-1/2

[Event "EYCC Open-U16 2019"]
[Site "Bratislava"]
[Date "2019.08.09"]
[Round "8.20"]
[White "Degraeve, Remy"]
[Black "Kasioumis, Vasilios"]
[Result "0-1"]
[ECO "B48"]
[WhiteElo "2349"]
[BlackElo "2015"]
[Annotator "NA"]
[PlyCount "70"]
[EventDate "2019.08.02"]
[EventType "swiss"]
[EventCountry "SVK"]
[SourceTitle "playchess.com"]
[Source "ChessBase"]
[SourceQuality "1"]
[TimeControl "40/5400+30:1800+30"]

1. e4 c5 2. Nf3 e6 3. d4 cxd4 4. Nxd4 Nc6 5. Nc3 Qc7 6. Be3 a6 7. Qf3 Nf6 8. O-O-O h5 9. Nxc6 dxc6 10. Bg5 e5 11. Qg3 Be6 12. h3 b5 13. Kb1 Nd7 14. Be2 f6 15. Bc1 Qa5 16. b3 Bb4 17. Qg6+ Bf7 18. Qxg7 Rg8 19. Qh7 Nf8 20. Qf5 Ke7 21. Be3 Bg6 22. Qf3 Ne6 23. Nd5+ cxd5 24. exd5 Rac8 25. Bd3 Rxc2 26. Bxc2 Bxc2+ 27. Kxc2 Qxa2+ 28. Kd3 Qxb3+ 29. Ke2 Qc4+ 30. Rd3 e4 31. Qxe4 Qxe4 32. dxe6 Rd8 33. Rhd1 Rxd3 34. Rxd3 Qxe6 35. f4 Qe4 0-1

[Event "EYCC Open-U16 2019"]
[Site "Bratislava"]
[Date "2019.08.09"]
[Round "8.21"]
[White "Suvorov, Alexander"]
[Black "Torngren, Gustav"]
[Result "1/2-1/2"]
[ECO "A40"]
[WhiteElo "2333"]
[BlackElo "2109"]
[Annotator "NA"]
[PlyCount "91"]
[EventDate "2019.08.02"]
[EventType "swiss"]
[EventCountry "SVK"]
[SourceTitle "playchess.com"]
[Source "ChessBase"]
[SourceQuality "1"]
[TimeControl "40/5400+30:1800+30"]

1. d4 e6 2. Bf4 c5 3. e3 Nc6 4. c3 d5 5. Nd2 cxd4 6. exd4 Bd6 7. Bxd6 Qxd6 8. Qg4 Kf8 9. Ngf3 Nh6 10. Qh5 Bd7 11. Bd3 f6 12. O-O Be8 13. Qh3 Bg6 14. Nh4 Bxd3 15. Qxd3 g5 16. Nhf3 Re8 17. Nb3 Re7 18. Rfe1 Kg7 19. Re2 Nf7 20. Rd1 Rhe8 21. Nfd2 Nh8 22. Rde1 Ng6 23. g3 h5 24. Nf1 Nd8 25. Ne3 Nf7 26. c4 dxc4 27. Nxc4 Qd5 28. Ne3 Qf3 29. Rc2 b6 30. Nd2 Qa8 31. d5 Nge5 32. Qe2 g4 33. f4 gxf3 34. Nxf3 Ng4 35. Nxg4 hxg4 36. Nd4 Ne5 37. dxe6 Rxe6 38. Rc7+ Kf8 39. Nxe6+ Rxe6 40. Qc2 Qd5 41. Rc8+ Kg7 42. Qc7+ Nf7 43. Rxe6 Qxe6 44. Qc3 Ng5 45. Rc4 b5 46. Rc7+ 1/2-1/2

[Event "EYCC Open-U16 2019"]
[Site "Bratislava"]
[Date "2019.08.09"]
[Round "8.22"]
[White "Gavrilin, Roman"]
[Black "Fecker, Noah"]
[Result "1/2-1/2"]
[ECO "B48"]
[WhiteElo "2131"]
[BlackElo "2313"]
[Annotator "NA"]
[PlyCount "49"]
[EventDate "2019.08.02"]
[EventType "swiss"]
[EventCountry "SVK"]
[SourceTitle "playchess.com"]
[Source "ChessBase"]
[SourceQuality "1"]
[TimeControl "40/5400+30:1800+30"]

1. e4 c5 2. Nf3 e6 3. d4 cxd4 4. Nxd4 Nc6 5. Nc3 Qc7 6. Be3 a6 7. Qd2 Nf6 8. f4 Bb4 9. Bd3 Na5 10. a3 Bxc3 11. Qxc3 Qxc3+ 12. bxc3 d5 13. exd5 Nxd5 14. Bd2 Nb6 15. Rb1 Nbc4 16. Bc1 Bd7 17. Bxc4 Nxc4 18. Rxb7 Nd6 19. Rb6 Ke7 20. O-O Rhb8 21. Rxb8 Rxb8 22. Re1 Rc8 23. f5 Rxc3 24. Bg5+ f6 25. Bd2 1/2-1/2

[Event "EYCC Open-U16 2019"]
[Site "Bratislava"]
[Date "2019.08.09"]
[Round "8.23"]
[White "Kazmin, Semen"]
[Black "Mukhutdinov, Tigran"]
[Result "1/2-1/2"]
[ECO "B32"]
[WhiteElo "2193"]
[BlackElo "2328"]
[Annotator "NA"]
[PlyCount "109"]
[EventDate "2019.08.02"]
[EventType "swiss"]
[EventCountry "SVK"]
[SourceTitle "playchess.com"]
[Source "ChessBase"]
[SourceQuality "1"]
[TimeControl "40/5400+30:1800+30"]

1. e4 c5 2. Nf3 Nc6 3. d4 cxd4 4. Nxd4 e5 5. Nb5 d6 6. c4 Be7 7. N1c3 a6 8. Na3 f5 9. Nd5 Nf6 10. Be3 Nxd5 11. exd5 Nb8 12. f3 O-O 13. Be2 Bh4+ 14. g3 Bg5 15. Bxg5 Qxg5 16. Qd2 f4 17. O-O-O b5 18. Rhg1 Qh6 19. h4 bxc4 20. Nxc4 Bd7 21. Kb1 Bb5 22. g4 Bxc4 23. Bxc4 e4 24. Qb4 Nd7 25. g5 Qg6 26. h5 Qf5 27. Bb3 Qe5 28. Qxe4 Qxe4+ 29. fxe4 Ne5 30. Rc1 f3 31. g6 hxg6 32. hxg6 Rf6 33. Rg5 Nxg6 34. Rcg1 f2 35. Rf1 Raf8 36. Kc2 Ne5 37. Rg2 Rf4 38. Kd2 a5 39. Bc2 Nf3+ 40. Kd1 Nh4 41. Rg3 R8f6 42. b3 g6 43. a3 Kg7 44. b4 Rf3 45. Rxf3 Rxf3 46. b5 Rf8 47. Ke2 Nf3 48. b6 Nd4+ 49. Kd3 Nxc2 50. Kxc2 Rb8 51. Rxf2 Rxb6 52. Rf3 g5 53. Rf5 Kg6 54. Rf8 a4 55. Kc3 1/2-1/2

[Event "EYCC Open-U16 2019"]
[Site "Bratislava"]
[Date "2019.08.09"]
[Round "8.24"]
[White "Stremavicius, Pijus"]
[Black "Sjoberg, Isak"]
[Result "1/2-1/2"]
[ECO "E70"]
[WhiteElo "2071"]
[BlackElo "2182"]
[Annotator "NA"]
[PlyCount "59"]
[EventDate "2019.08.02"]
[EventType "swiss"]
[EventCountry "SVK"]
[SourceTitle "playchess.com"]
[Source "ChessBase"]
[SourceQuality "1"]
[TimeControl "40/5400+30:1800+30"]

1. d4 Nf6 2. c4 g6 3. Nc3 Bg7 4. e4 d6 5. Bd3 O-O 6. Nge2 c5 7. d5 e6 8. O-O exd5 9. exd5 Ng4 10. f4 Re8 11. Rf3 Qh4 12. h3 Bd4+ 13. Nxd4 Re1+ 14. Qxe1 Qxe1+ 15. Rf1 Qe7 16. Nf3 Nh6 17. g4 f6 18. Re1 Qf8 19. b3 Na6 20. Bb2 Nb4 21. Bb1 Nxg4 22. hxg4 Bxg4 23. Nh2 Bf5 24. Bxf5 gxf5 25. Re3 Kh8 26. Rg3 Qh6 27. Rf1 Rg8 28. Rxg8+ Kxg8 29. Rf3 a6 30. Nf1 1/2-1/2

[Event "EYCC Open-U16 2019"]
[Site "Bratislava"]
[Date "2019.08.09"]
[Round "8.25"]
[White "Bukatin, Arseny"]
[Black "Ivanovic, Marko"]
[Result "0-1"]
[ECO "B07"]
[WhiteElo "2016"]
[BlackElo "2267"]
[Annotator "NA"]
[PlyCount "76"]
[EventDate "2019.08.02"]
[EventType "swiss"]
[EventCountry "SVK"]
[SourceTitle "playchess.com"]
[Source "ChessBase"]
[SourceQuality "1"]
[TimeControl "40/5400+30:1800+30"]

1. e4 d6 2. d4 Nf6 3. Nc3 Nbd7 4. f4 e5 5. Nf3 exd4 6. Nxd4 Nc5 7. Bd3 g6 8. O-O Bg7 9. h3 O-O 10. Nb3 Nxd3 11. cxd3 Re8 12. Qf3 c6 13. Be3 b5 14. Nxb5 cxb5 15. e5 Bb7 16. Qxb7 dxe5 17. fxe5 Qd5 18. Qc7 Rxe5 19. Bd4 Rg5 20. Qc2 Ng4 21. Bxa7 Rxa7 22. hxg4 Be5 23. Qf2 Ra4 24. Qf3 Qd7 25. d4 Rxd4 26. Nxd4 Bxd4+ 27. Kh1 Rxg4 28. g3 Rg5 29. Kg2 Be5 30. Rad1 Qc7 31. Rc1 Qa7 32. g4 h5 33. Rc8+ Kg7 34. Re8 Qc7 35. Kh1 hxg4 36. Qe4 Rh5+ 37. Kg1 Qc5+ 38. Rf2 g3 0-1

[Event "EYCC Open-U16 2019"]
[Site "Bratislava"]
[Date "2019.08.09"]
[Round "8.26"]
[White "Fernandez Garcia, Gumersindo"]
[Black "Risteski, Emil"]
[Result "1/2-1/2"]
[ECO "E70"]
[WhiteElo "2011"]
[BlackElo "2150"]
[Annotator "NA"]
[PlyCount "28"]
[EventDate "2019.08.02"]
[EventType "swiss"]
[EventCountry "SVK"]
[SourceTitle "playchess.com"]
[Source "ChessBase"]
[SourceQuality "1"]
[TimeControl "40/5400+30:1800+30"]

1. d4 Nf6 2. c4 g6 3. Nc3 Bg7 4. e4 d6 5. Bg5 O-O 6. Qd2 c5 7. d5 e6 8. Nf3 exd5 9. exd5 Re8+ 10. Be2 Bf5 11. O-O Qb6 12. Nh4 Bd7 13. Bd3 Na6 14. h3 Qc7 1/2-1/2

[Event "EYCC Open-U16 2019"]
[Site "Bratislava"]
[Date "2019.08.09"]
[Round "8.27"]
[White "Koziorowicz, Michal"]
[Black "Palczert, Botond"]
[Result "1-0"]
[ECO "B90"]
[WhiteElo "1985"]
[BlackElo "2022"]
[Annotator "NA"]
[PlyCount "99"]
[EventDate "2019.08.02"]
[EventType "swiss"]
[EventCountry "SVK"]
[SourceTitle "playchess.com"]
[Source "ChessBase"]
[SourceQuality "1"]
[TimeControl "40/5400+30:1800+30"]

1. e4 c5 2. Nf3 d6 3. d4 cxd4 4. Nxd4 Nf6 5. Nc3 a6 6. Be3 e5 7. Nb3 Be6 8. f3 h5 9. Qd2 Nbd7 10. O-O-O Be7 11. h3 Rc8 12. Rg1 h4 13. Kb1 b5 14. g4 Nb6 15. g5 Nfd7 16. g6 f6 17. f4 exf4 18. Bxf4 Ne5 19. Nd4 Bd7 20. Nf5 Bxf5 21. exf5 Qc7 22. Rg2 Qc6 23. Rf2 b4 24. Bg2 Qc7 25. Nd5 Nxd5 26. Bxe5 Nc3+ 27. Bxc3 bxc3 28. Qd5 Qb6 29. Qb7 Qxb2+ 30. Qxb2 cxb2 31. Kxb2 Kd7 32. Bd5 Rb8+ 33. Kc1 Rb4 34. c3 Rb6 35. Rb2 Rxb2 36. Kxb2 Bd8 37. Rd4 Bb6 38. Rc4 a5 39. Be6+ Ke7 40. Rc6 Rb8 41. Kc2 Rb7 42. Rc4 Bf2 43. Rc8 Be3 44. a4 Ra7 45. Kd3 Bh6 46. Kc4 Ra6 47. Kb5 Ra7 48. Bd5 Kd7 49. Rf8 Rc7 50. Bc6+ 1-0

[Event "EYCC Open-U16 2019"]
[Site "Bratislava"]
[Date "2019.08.09"]
[Round "8.28"]
[White "Vorisek, Jakub"]
[Black "Vitenberg, Noam Aviv"]
[Result "1/2-1/2"]
[ECO "B13"]
[WhiteElo "2071"]
[BlackElo "2300"]
[Annotator "NA"]
[PlyCount "82"]
[EventDate "2019.08.02"]
[EventType "swiss"]
[EventCountry "SVK"]
[SourceTitle "playchess.com"]
[Source "ChessBase"]
[SourceQuality "1"]
[TimeControl "40/5400+30:1800+30"]

1. e4 c6 2. d4 d5 3. exd5 cxd5 4. c4 Nf6 5. Nc3 Nc6 6. Nf3 Be6 7. c5 g6 8. Bb5 Bg7 9. O-O O-O 10. Be3 Ne4 11. Re1 Rc8 12. a3 Qa5 13. Qa4 Nxc3 14. bxc3 Qxa4 15. Bxa4 b6 16. cxb6 axb6 17. Rab1 Na5 18. Rxb6 Rxc3 19. Ng5 Nc4 20. Rb7 Bf5 21. Rb3 Rxb3 22. Bxb3 Nxe3 23. fxe3 e6 24. Kf2 Rb8 25. Bd1 Bf8 26. a4 Bd3 27. Be2 Rb2 28. Kf1 Bb1 29. Rc1 Be7 30. Nf3 Bb4 31. Ne5 Bd2 32. Rc8+ Kg7 33. Rc7 Bxe3 34. Rxf7+ Kg8 35. Bg4 Bf5 36. Bxf5 gxf5 37. Re7 Bxd4 38. Nf3 Bc5 39. Rxe6 Rf2+ 40. Ke1 Rxg2 41. Re5 Ra2 1/2-1/2

[Event "EYCC Open-U16 2019"]
[Site "Bratislava"]
[Date "2019.08.09"]
[Round "8.29"]
[White "Minko, Dmitry"]
[Black "Bacrot, Alexandre"]
[Result "1/2-1/2"]
[ECO "B09"]
[WhiteElo "2061"]
[BlackElo "2265"]
[Annotator "NA"]
[PlyCount "83"]
[EventDate "2019.08.02"]
[EventType "swiss"]
[EventCountry "SVK"]
[SourceTitle "playchess.com"]
[Source "ChessBase"]
[SourceQuality "1"]
[TimeControl "40/5400+30:1800+30"]

1. e4 g6 2. d4 Bg7 3. Nc3 d6 4. f4 Nf6 5. Nf3 c5 6. e5 Nfd7 7. exd6 O-O 8. dxe7 Qxe7+ 9. Be2 cxd4 10. Nb5 Nc6 11. O-O Nb6 12. Bd3 Qc5 13. Nd2 a6 14. Ne4 Qe7 15. Nbd6 f5 16. Nxc8 Raxc8 17. Ng5 h6 18. Re1 Qd6 19. Ne6 Rfe8 20. Nxg7 Kxg7 21. Bd2 Rxe1+ 22. Qxe1 Kh7 23. g4 fxg4 24. Qh4 Ne7 25. Re1 Nf5 26. Bxf5 gxf5 27. Bb4 Qg6 28. Qe7+ Kg8 29. Re6 Qf7 30. Rxb6 Qxe7 31. Bxe7 Rxc2 32. Ba3 d3 33. Rd6 d2 34. Kf1 h5 35. Ke2 d1=Q+ 36. Kxd1 Rxh2 37. Ke1 h4 38. Kf1 h3 39. Rf6 Rc2 40. Kg1 Rc1+ 41. Kh2 Rc2+ 42. Kh1 1/2-1/2

[Event "EYCC Open-U16 2019"]
[Site "Bratislava"]
[Date "2019.08.09"]
[Round "8.30"]
[White "Turcan, Richard"]
[Black "Barak, David"]
[Result "1-0"]
[ECO "B32"]
[WhiteElo "2232"]
[BlackElo "2015"]
[Annotator "NA"]
[PlyCount "107"]
[EventDate "2019.08.02"]
[EventType "swiss"]
[EventCountry "SVK"]
[SourceTitle "playchess.com"]
[Source "ChessBase"]
[SourceQuality "1"]
[TimeControl "40/5400+30:1800+30"]

1. e4 c5 2. Nf3 Nc6 3. d4 cxd4 4. Nxd4 e5 5. Nb5 d6 6. N1c3 a6 7. Na3 b5 8. Nd5 Nce7 9. c4 Nxd5 10. exd5 Nf6 11. cxb5 Be7 12. Be2 O-O 13. O-O Ne4 14. Be3 f5 15. f3 Bg5 16. Qc1 Bxe3+ 17. Qxe3 Nc5 18. b4 Na4 19. Nc4 axb5 20. Na5 Bd7 21. Rac1 Qh4 22. Rc7 Rf7 23. a3 Qd8 24. Rc2 Qb6 25. Qxb6 Nxb6 26. Rd1 Rff8 27. Rc7 Rfc8 28. Rb7 Rab8 29. Rxb8 Rxb8 30. Nc6 Bxc6 31. dxc6 Nc8 32. Rd5 Kf7 33. Rxb5 Rxb5 34. Bxb5 Ke7 35. Ba6 Nb6 36. a4 Kd8 37. a5 Nd5 38. Bb7 Kc7 39. b5 g5 40. b6+ Nxb6 41. axb6+ Kxb6 42. Bc8 f4 43. Bf5 Kxc6 44. Bxh7 Kd5 45. Kf2 Kd4 46. Ke2 d5 47. Bb1 Kc3 48. Ba2 Kd4 49. Kd2 e4 50. h3 Ke5 51. Kc3 d4+ 52. Kc4 d3 53. Kc3 exf3 54. gxf3 {[%emt 0:00:57] Kd5} 1-0

[Event "EYCC Open-U16 2019"]
[Site "Bratislava"]
[Date "2019.08.09"]
[Round "8.31"]
[White "Sismeiro, Miguel"]
[Black "Jazdanovs, Aleksandrs"]
[Result "1/2-1/2"]
[ECO "B52"]
[WhiteElo "2103"]
[BlackElo "2238"]
[Annotator "NA"]
[PlyCount "98"]
[EventDate "2019.08.02"]
[EventType "swiss"]
[EventCountry "SVK"]
[SourceTitle "playchess.com"]
[Source "ChessBase"]
[SourceQuality "1"]
[TimeControl "40/5400+30:1800+30"]

1. e4 c5 2. Nf3 d6 3. Bb5+ Bd7 4. Bxd7+ Qxd7 5. O-O Nc6 6. c3 d5 7. exd5 Qxd5 8. d4 e6 9. Be3 cxd4 10. cxd4 Nf6 11. Nc3 Qa5 12. Qb3 Qb4 13. d5 Qxb3 14. axb3 Nxd5 15. Nxd5 exd5 16. Rfd1 Bb4 17. Rxd5 O-O 18. Nd4 Nxd4 19. Bxd4 a6 20. Bb6 Rfe8 21. Rd7 Re7 22. Rxe7 Bxe7 23. Rd1 Rc8 24. g3 Rc6 25. Ba5 Bf6 26. Rd7 b5 27. Bc3 Kf8 28. Bxf6 Rxf6 29. Kg2 Ke8 30. Ra7 g5 31. h3 Rd6 32. b4 Kf8 33. Kf3 Rd4 34. Rxa6 Rxb4 35. Rb6 Kg7 36. h4 gxh4 37. gxh4 Rxb2 38. Kg3 h5 39. f3 f6 40. Kf4 Kg6 41. Rb7 b4 42. Rb8 Rb1 43. Rg8+ Kf7 44. Rb8 Ke6 45. Rb6+ Ke7 46. Kf5 Rf1 47. f4 Rh1 48. Rb7+ Kd6 49. Rxb4 Rxh4 1/2-1/2

[Event "EYCC Open-U16 2019"]
[Site "Bratislava"]
[Date "2019.08.09"]
[Round "8.32"]
[White "Briem, Stephan"]
[Black "Nagy, Ladislav"]
[Result "1/2-1/2"]
[ECO "E42"]
[WhiteElo "2223"]
[BlackElo "2061"]
[Annotator "NA"]
[PlyCount "104"]
[EventDate "2019.08.02"]
[EventType "swiss"]
[EventCountry "SVK"]
[SourceTitle "playchess.com"]
[Source "ChessBase"]
[SourceQuality "1"]
[TimeControl "40/5400+30:1800+30"]

1. d4 Nf6 2. c4 e6 3. Nc3 Bb4 4. e3 c5 5. Nge2 cxd4 6. exd4 d5 7. a3 Be7 8. Nf4 dxc4 9. Bxc4 O-O 10. O-O Nc6 11. Be3 e5 12. dxe5 Nxe5 13. Be2 Bg4 14. Qb3 Bxe2 15. Nfxe2 b6 16. Rfd1 Qc8 17. Nd5 Nxd5 18. Qxd5 Ng4 19. Bd4 Rd8 20. Qf3 Nf6 21. Ng3 Qg4 22. Qxg4 Nxg4 23. Nf5 Bf6 24. Bxf6 Nxf6 25. Ne7+ Kf8 26. Nc6 Rxd1+ 27. Rxd1 a5 28. f3 Rc8 29. Nd4 g6 30. Kf2 Ke7 31. Rd2 Rc1 32. g3 Nd7 33. Ne2 Rh1 34. Kg2 Re1 35. Nc3 Rc1 36. Kf2 Ke6 37. Ne2 Rc8 38. Nf4+ Ke7 39. Re2+ Kd6 40. Rd2+ Kc6 41. Rc2+ Kb7 42. Rxc8 Kxc8 43. Ke3 Kc7 44. Kd4 Kd6 45. Nd3 f6 46. f4 Kc6 47. Nf2 Nc5 48. Ng4 Nd7 49. Ne3 Nc5 50. f5 gxf5 51. Nxf5 Ne6+ 52. Ke4 Nc5+ 1/2-1/2

[Event "EYCC Open-U16 2019"]
[Site "Bratislava"]
[Date "2019.08.09"]
[Round "8.33"]
[White "Neiman, Maks"]
[Black "Bettalli, Francesco"]
[Result "1-0"]
[ECO "D00"]
[WhiteElo "1971"]
[BlackElo "2095"]
[Annotator "NA"]
[PlyCount "87"]
[EventDate "2019.08.02"]
[EventType "swiss"]
[EventCountry "SVK"]
[SourceTitle "playchess.com"]
[Source "ChessBase"]
[SourceQuality "1"]
[TimeControl "40/5400+30:1800+30"]

1. d4 d5 2. Bf4 Nf6 3. e3 c5 4. c3 e6 5. Nf3 Nc6 6. Nbd2 Bd6 7. Bg3 Qe7 8. Bd3 O-O 9. Ne5 Nd7 10. Nxd7 Bxd7 11. Bxd6 Qxd6 12. dxc5 Qxc5 13. Bxh7+ Kxh7 14. Qh5+ Kg8 15. Ne4 Qc4 16. Ng5 Qd3 17. e4 Rfd8 18. Qxf7+ Kh8 19. Rd1 Qc4 20. f4 Nb4 21. Qh5+ Kg8 22. Qh7+ Kf8 23. e5 Re8 24. cxb4 Qxb4+ 25. Rd2 Ke7 26. Qxg7+ Kd8 27. Rf1 Kc7 28. Rf3 d4 29. a3 Qa4 30. Rfd3 Rg8 31. Qe7 Qc6 32. Rxd4 Rad8 33. Nf7 Qc1+ 34. Kf2 Kb8 35. Nxd8 Qh1 36. Qd6+ Ka8 37. Kf3 Be8 38. Nf7 Bc6+ 39. Ke3 Qe1+ 40. Kd3 Bb5+ 41. Kc2 Rc8+ 42. Kb3 Qc1 43. Qxe6 a5 44. Qxc8+ 1-0

[Event "EYCC Open-U16 2019"]
[Site "Bratislava"]
[Date "2019.08.09"]
[Round "8.34"]
[White "Jirousek, Jan"]
[Black "Niedbala, Bartlomiej"]
[Result "0-1"]
[ECO "E21"]
[WhiteElo "1924"]
[BlackElo "2152"]
[Annotator "NA"]
[PlyCount "150"]
[EventDate "2019.08.02"]
[EventType "swiss"]
[EventCountry "SVK"]
[SourceTitle "playchess.com"]
[Source "ChessBase"]
[SourceQuality "1"]
[TimeControl "40/5400+30:1800+30"]

1. Nf3 Nf6 2. d4 e6 3. c4 b6 4. Nc3 Bb7 5. e3 Bb4 6. Qc2 Ne4 7. Bd2 Bxc3 8. Bxc3 O-O 9. Bd3 f5 10. O-O-O Nxc3 11. Qxc3 Bxf3 12. gxf3 d6 13. Rdg1 Qf6 14. Qc2 c5 15. d5 exd5 16. cxd5 Nd7 17. Bb5 Rad8 18. Bxd7 Rxd7 19. Rg2 b5 20. Rhg1 c4 21. Qc3 Qxc3+ 22. bxc3 Re8 23. Kc2 Rc7 24. Rd1 Kf7 25. f4 Rb8 26. a3 Kf6 27. Rgg1 Re8 28. h4 Rc5 29. Rd4 Re4 30. Rd2 Re7 31. h5 g6 32. h6 Kf7 33. Rb1 Kf6 34. Rg1 Re8 35. Rd4 Rg8 36. Rg5 Re8 37. Rg1 Re4 38. Rxe4 fxe4 39. Rg5 Rc8 40. Rg1 a6 41. Kd2 Rg8 42. Rg5 Rb8 43. Rg1 Rf8 44. Ke2 Ke7 45. Rd1 Rf5 46. Rd4 Kd7 47. Rxe4 Rxd5 48. Rd4 Rh5 49. a4 Kc6 50. axb5+ axb5 51. Rd1 Rxh6 52. e4 Rh5 53. Ke3 Kc5 54. f3 Kc6 55. Kd4 Rh3 56. Ke3 Rh5 57. Kd4 Rh2 58. e5 Re2 59. Rh1 Rd2+ 60. Ke3 Rd3+ 61. Ke2 dxe5 62. fxe5 Kd5 63. f4 Rxc3 64. Rxh7 Rc2+ 65. Kd1 Rf2 66. Rd7+ Kc6 67. Rd6+ Kc5 68. Rf6 b4 69. e6 Kd6 70. Rxg6 Rxf4 71. Kc2 Rf2+ 72. Kc1 b3 73. e7+ Kxe7 74. Rc6 Rc2+ 75. Kb1 Kd7 0-1

[Event "EYCC Open-U16 2019"]
[Site "Bratislava"]
[Date "2019.08.09"]
[Round "8.35"]
[White "Antal, Jakub"]
[Black "Melaa, Sondre"]
[Result "0-1"]
[ECO "C55"]
[WhiteElo "1963"]
[BlackElo "2118"]
[Annotator "NA"]
[PlyCount "50"]
[EventDate "2019.08.02"]
[EventType "swiss"]
[EventCountry "SVK"]
[SourceTitle "playchess.com"]
[Source "ChessBase"]
[SourceQuality "1"]
[TimeControl "40/5400+30:1800+30"]

1. e4 e5 2. Nf3 Nc6 3. Bc4 Nf6 4. d3 Be7 5. O-O O-O 6. Re1 d6 7. c3 Na5 8. Bb5 a6 9. Ba4 c5 10. c4 Nc6 11. h3 Ne8 12. Nc3 Rb8 13. Nh2 Nc7 14. Bc2 b5 15. b3 f5 16. exf5 Bxf5 17. Be3 Ne6 18. Qd2 Ncd4 19. Bd1 Qe8 20. Bg4 Qg6 21. Nd5 Bh4 22. Kh1 Bxd3 23. Bxe6+ Nxe6 24. Nf3 Bd8 25. Bxc5 Nxc5 0-1